 Dungeon Crawl Stone Soup version 0.27.1-33-g824d729ab1 (webtiles) character file.

Game seed: 182325398925304363

182366 belegose the Destroyer (level 16, -4/134 HPs)
             Began as a Demigod Conjurer on Nov 23, 2021.
             Slain by an entropy weaver simulacrum (12 damage)
             ... in an ice cave on Nov 25, 2021.
             The game lasted 05:30:20 (56902 turns).

belegose the Destroyer (Demigod Conjurer)          Turns: 56902, Time: 05:30:20

Health: -4/134     AC: 14    Str: 20    XL:     16   Next: 80%
Magic:  22/36      EV: 14    Int: 39    God:
Gold:   1009       SH: 11    Dex: 12    Spells: 4/38 levels left

rFire    x x .     SeeInvis +   F - +3 demon trident (freeze)
rCold    + + .     Faith    .   c - +0 buckler
rNeg     . . .     Spirit   .   I - +0 troll leather armour
rPois    .         Reflect  +   R - +2 hat {Int+3}
rElec    +         Harm     .   l - +1 cloak
rCorr    .         Rampage  .   M - +2 pair of gloves
Will     +....                  C - +1 pair of boots
Stlth    +++.......             g - amulet of reflection
HPRegen  1.32/turn              V - ring of Xom's Fury {Ice Str+4 SInv}
MPRegen  0.25/turn              h - ring "Etajon" {Ice rElec Int+4 SInv}

@: no status effects
A: high mp 1, forlorn
}: 1/15 runes: barnacled
a: no special abilities


You were in an ice cave.
You visited 6 branches of the dungeon, and saw 28 of its levels.
You also visited: Ossuary, Gauntlet and Ice Cave.

You collected 2465 gold pieces.
You spent 1456 gold pieces at shops.

Inventory:

Hand Weapons
 F - a +3 demon trident of freezing (weapon)
Missiles
 b - 25 javelins
 t - 3 throwing nets
 v - 10 curare-tipped darts
 y - 95 poisoned darts (quivered)
Armour
 c - a +0 buckler (worn)
 l - a +1 cloak (worn)
 C - a +1 pair of boots (worn)
 I - a +0 troll leather armour (worn)
 K - a +0 kite shield
 M - a +2 pair of gloves (worn)
 R - a +2 hat of intelligence (worn)
Magical Staves
 a - a staff of conjuration
 x - a staff of fire
Jewellery
 g - an amulet of reflection (around neck)
 h - the ring "Etajon" (right hand) {Ice rElec Int+4 SInv}
   (You bought it in a shop on level 3 of the Shoals)

   [ring of ice]

   It enhances your ice magic.
   Int:       It affects your intelligence (+4).
   rF:        It makes you vulnerable to fire.
   rC:        It protects you from cold.
   rElec:     It insulates you from electricity.
   SInv:      It lets you see invisible.
 q - a ring of flight
 z - a ring of poison resistance
 G - a ring of resist corrosion
 J - a ring of willpower
 N - a +4 ring of evasion
 S - a ring of positive energy
 V - the ring of Xom's Fury (left hand) {Ice Str+4 SInv}
   (You found it in a Gauntlet)

   [ring of ice]

   It enhances your ice magic.
   Str:       It affects your strength (+4).
   rF:        It makes you vulnerable to fire.
   rC:        It protects you from cold.
   SInv:      It lets you see invisible.
Wands
 s - a wand of mindburst (11)
 B - a wand of flame (40)
 O - a wand of charming (19)
 P - a wand of digging (15)
 U - a wand of iceblast (19)
Scrolls
 e - 3 scrolls of teleportation
 f - 2 scrolls of amnesia
 i - 2 scrolls of blinking
 j - 4 scrolls of fear
 n - 4 scrolls of silence
 W - 4 scrolls of identify
 Z - a scroll of magic mapping
Potions
 d - a potion of might
 m - 11 potions of curing
 p - a potion of resistance
 r - 3 potions of haste
 A - 4 potions of lignification
 D - 5 potions of mutation
 E - 2 potions of heal wounds
 H - a potion of cancellation
 L - a potion of flight
 Q - 3 potions of berserk rage
 X - a potion of ambrosia
Miscellaneous
 u - a box of beasts
 w - a tin of tremorstones (inert)
 Y - a phantom mirror


   Skills:
 - Level 10.2 Fighting
 - Level 5.3 Armour
 - Level 7.0 Dodging
 - Level 7.0 Stealth
 + Level 10.3 Shields
 - Level 11.7 Spellcasting
 - Level 14.0 Conjurations
 - Level 7.6 Hexes
 - Level 6.6 Summonings
 + Level 2.4 Necromancy
 - Level 5.1 Translocations
 - Level 8.0 Fire Magic
 + Level 5.1 Earth Magic


You had 4 spell levels left.
You knew the following spells:

 Your Spells              Type           Power      Damage    Failure   Level
a - Magic Dart            Conj           100%       1d8       0%          1
b - Searing Ray           Conj           100%       3d7       0%          2
c - Fulminant Prism       Conj/Hex       41%        3d20      1%          4
d - Call Canine Familiar  Summ           65%        N/A       1%          3
e - Summon Guardian Gole  Hex/Summ       68%        N/A       1%          3
f - Iskenderun's Mystic   Conj/Tloc      77%        2d15      1%          4
g - Orb of Destruction    Conj           46%        9d15      4%          7
h - Fireball              Conj/Fire      41%        3d17      1%          5
i - Borgnjor's Vile Clut  Necr/Erth      25%        N/A       11%         5

Your spell library contained the following spells:

 Spells                   Type           Power      Damage    Failure   Level
 Animate Skeleton         Necr           82%        N/A       1%          1
 Apportation              Tloc           100%       N/A       1%          1
 Corona                   Hex            77%        N/A       1%          1
 Freeze                   Ice            100%       1d11      1%          1
 Sandblast                Erth           100%       2d20      1%          1
 Sting                    Tmut/Pois      88%        1d7       1%          1
 Summon Small Mammal      Summ           100%       N/A       1%          1
 Passwall                 Tmut/Erth      35%        N/A       1%          2
 Sublimation of Blood     Necr           20%        N/A       1%          2
 Dazzling Flash           Conj/Hex       100%       N/A       1%          3
 Ignite Poison            Fire/Tmut/Pois 43%        N/A       1%          3
 Inner Flame              Hex/Fire       70%        N/A       1%          3
 Mephitic Cloud           Conj/Pois/Air  56%        N/A       1%          3
 Portal Projectile        Hex/Tloc       100%       N/A       1%          3
 Cause Fear               Hex            35%        N/A       1%          4
 Hailstorm                Conj/Ice       100%       3d20      1%          4
 Leda's Liquefaction      Hex/Erth       32%        N/A       1%          4
 Poisonous Vapours        Pois/Air       44%        N/A       2%          2
 Summon Ice Beast         Ice/Summ       83%        N/A       4%          4
 Frozen Ramparts          Ice            100%       1d12      5%          3
 Ice Form                 Ice/Tmut       51%        N/A       19%         4
 Olgreb's Toxic Radiance  Pois           22%        N/A       19%         4
 Bolt of Magma            Conj/Fire/Erth 37%        4d16      1%          5
 Iskenderun's Battlesphe  Conj           93%        2d14      1%          5
 Lee's Rapid Deconstruct  Erth           29%        3d16*     6%          5
 Silence                  Hex/Air        25%        N/A       11%         5
 Conjure Ball Lightning   Conj/Air       33%        3x3d11    16%         6
 Agony                    Necr           41%        N/A       19%         5
 Dispersal                Tloc           29%        N/A       34%         6
 Alistair's Intoxication  Tmut/Pois      14%        N/A       45%         5
 Eringya's Noxious Bog    Tmut/Pois      11%        N/A       95%         6
 Discord                  Hex            35%        N/A       99%         8
 Borgnjor's Revivificati  Necr           20%        N/A       100%        8
 Disjunction              Tloc           29%        N/A       100%        8


Dungeon Overview and Level Annotations

Branches:
Dungeon (15/15)            Temple (1/1) D:6            Lair (5/6) D:10
 Shoals (4/4) Lair:2        Snake (1/4) Lair:3          Orc (2/2) D:11
    Elf (0/3) Orc:2        Vaults (0/5) D:14         Depths (0/5) D:15
Ossuary (visited)           IceCv (1/1)             Gauntlet (visited)
  Slime: Lair:5-6

Shops:
D:5 [   D:10 *   Orc:1 *   Orc:2 ([(*   Shoals:3 *

Annotations:
D:4 1 runed translucent door, 2 transporters, exclusion: water moccasin, boopmooplesden's ghost, amateur MiGl
D:5 3 runed translucent doors, exclusions: 3 doors and yak, ystael's ghost, novice MiFi
D:11 3 runed translucent doors, exclusion: 3 doors, bellerephron's ghost, journeyman DsBe
Lair:3 exclusion: 3 oklob plants
Shoals:1 exclusion: downstairs


Innate Abilities, Weirdness & Mutations

Your attributes grow dramatically as you level up.
You have an increased reservoir of magic. (+10% MP)
You shall have no god before yourself.


Message History

The entropy weaver simulacrum barely misses you.
The entropy weaver simulacrum hits you but does no damage. x2
The entropy weaver simulacrum hits you.
The entropy weaver simulacrum freezes you!
You resist.
* * * LOW HITPOINT WARNING * * *
Unknown command.
Aiming: Iceblast
Press: ? - help, Shift-Dir - straight line, f - dire elephant simulacrum
Aim: a dire elephant simulacrum (moderately damaged)
The mass of ice explodes!
The iceblast engulfs the dire elephant simulacrum.
The dire elephant simulacrum partially resists.
The dire elephant simulacrum is heavily damaged.
The iceblast engulfs the entropy weaver simulacrum.
The entropy weaver simulacrum partially resists.
The entropy weaver simulacrum is almost destroyed.
The entropy weaver simulacrum hits you but does no damage. x2
You block the entropy weaver simulacrum's attack.
The entropy weaver simulacrum barely misses you.
Unknown command.
Casting: Call Canine Familiar (safe; 1% risk of failure)
Confirm with . or Enter, or press ? or * to list all spells.
You don't have enough magic to cast this spell.
Magic courses through your body. The entropy weaver simulacrum hits you.
* * * LOW HITPOINT WARNING * * *
The entropy weaver simulacrum freezes you!
You resist.
* * * LOW HITPOINT WARNING * * *
You block the entropy weaver simulacrum's attack.
The entropy weaver simulacrum hits you.
* * * LOW HITPOINT WARNING * * *
The entropy weaver simulacrum freezes you!
You resist.
* * * LOW HITPOINT WARNING * * *
The entropy weaver simulacrum hits you.
* * * LOW HITPOINT WARNING * * *
The entropy weaver simulacrum freezes you!
You resist.
You die...

#### ##
##..##
##..##....##
#..........#
....W..∩Z@.#
..##....Z..#
###....##
##..## ####


You could see a freezing wraith, a dire elephant simulacrum and an entropy
weaver simulacrum.

Vanquished Creatures
  Rupert (Orc:2)
  Frances (D:14)
  Polyphemus (Shoals:2)
  Kirke (Shoals:2)
  Donald (Shoals:1)
  Ilsuiw (Shoals:1)
  2 frost giants
  A very ugly thing (Snake:1)
  A minotaur (Gauntlet)
  4 merfolk javelineers (Shoals:4)
  9 merfolk impalers
  2 vault guards (D:14)
  7 hydras
  Erolcha (Orc:1)
  A catoblepas (Shoals:1)
  3 ogre magi
  4 merfolk avatars
  An anaconda (Lair:3)
  5 merfolk aquamancers
  2 satyrs
  2 alligator snapping turtles
  8 centaur warriors
  4 tengu warriors
  11 two-headed ogres
  2 death yaks (Shoals:1)
  A shock serpent (Lair:3)
  7 sea snakes
  A deep troll (Orc:1)
  A deep elf archer (D:13)
  3 wizards
  22 harpies
  3 orc knights
  2 deep elf pyromancers
  An oklob plant (Lair:3)
  4 cyclopes
  13 manticores
  12 fauns
  18 ugly things
  13 merfolk sirens
  3 black mambas
  7 elephants
  4 water nymphs
  2 komodo dragons
  Maggie (D:6)
  A tengu conjurer (D:14)
  A yaktaur (D:14)
  A rime drake (Lair:4)
  3 freezing wraiths
  A demonic crawler (Lair:4)
  30 merfolk
  6 trolls
  8 wind drakes
  4 slime creatures
  14 snapping turtles
  A dream sheep (Lair:4)
  Sigmund (D:5)
  8 water elementals
  A vampire (D:12)
  A spriggan simulacrum (IceCv)
  A human (D:14)
  30 yaks
  A wyvern (Lair:2)
  7 vampire mosquitoes
  A hog (Shoals:2)
  2 basilisks
  2 steam dragons
  A warg (Orc:2)
  2 swamp worms
  Menkaure (D:6)
  Edmund (D:5)
  A harpy simulacrum (IceCv)
  3 acid dragons
  3 nagas
  7 water moccasins
  A sky beast (D:7)
  10 orc warriors
  3 black bears (D:5)
  9 ogres
  An alligator simulacrum (IceCv)
  2 necrophages
  13 centaurs
  7 wolves
  2 phantoms
  A kobold brigand (D:9)
  2 scorpions
  6 bullfrogs
  A wyvern zombie (D:8)
  A water moccasin skeleton (D:5)
  8 killer bees
  2 spriggan skeletons (D:10)
  4 electric eels
  4 howler monkeys
  3 centaur zombies
  A centaur skeleton (D:4)
  3 hounds
  A jelly (D:8)
  A human zombie (Ossuary)
  6 orc priests
  2 bullfrog skeletons
  An iguana (D:4)
  A human skeleton (D:4)
  7 orc wizards
  3 hound skeletons
  3 mummies (Ossuary)
  Robin (D:4)
  6 gnolls
  5 adders
  2 white imps (D:8)
  A worm (D:3)
  3 dart slugs
  50 orcs
  3 ball pythons
  7 endoplasms
  2 giant cockroaches (D:2)
  2 gnoll zombies (Ossuary)
  15 goblins
  18 hobgoblins
  3 jackals (D:4)
  A quokka (D:2)
  3 bats (D:1)
  2 frilled lizards
  A goblin skeleton (D:4)
  2 goblin zombies (Ossuary)
  16 kobolds
  A kobold zombie (D:4)
  2 orc zombies (Ossuary)
  6 rats
599 creatures vanquished.

Vanquished Creatures (collateral kills)
  A hydra (D:12)
  2 ogre magi
  2 centaur warriors
  3 two-headed ogres
  A satyr (Shoals:2)
  2 harpies (Shoals:2)
  6 ugly things
  A manticore (D:12)
  5 cyclopes
  2 elephants (Lair:3)
  An unseen horror (D:10)
  2 cane toads (Lair:3)
  A komodo dragon (Lair:3)
  A troll (Orc:1)
  A polar bear (shapeshifter) (D:12)
  A merfolk (Shoals:2)
  A tyrant leech (D:12)
  A polar bear (Lair:4)
  A slime creature (D:12)
  A meliai zombie (D:11)
  3 dream sheep (Lair:3)
  2 blink frogs (Lair:3)
  A vampire (D:12)
  A water elemental (D:12)
  A wraith (D:12)
  A fire bat (Lair:4)
  9 yaks
  A human (D:14)
  3 vampire mosquitoes (D:12)
  2 basilisks (Lair:3)
  A naga (Snake:1)
  4 water moccasins
  5 orc warriors
  10 ogres
  3 bullfrogs
  4 killer bees
  3 spriggan skeletons (D:10)
  A troll skeleton (D:10)
  2 orc priests (D:11)
  4 orc wizards
  2 orcs (Orc:2)
99 creatures vanquished.

Vanquished Creatures (others)
  Gastronok (D:9)
  A merfolk impaler (Shoals:1)
  2 vault guards (D:14)
  3 boulder beetles
  4 hydras
  A centaur warrior (D:11)
  6 two-headed ogres
  A death yak (Shoals:1)
  A deep troll (Orc:1)
  A sea snake (Shoals:1)
  A deep elf pyromancer (D:14)
  A manticore (D:13)
  7 ugly things
  A cyclops (D:14)
  A black mamba (Lair:3)
  4 elephants
  2 gargoyles
  4 komodo dragons
  A yaktaur (D:13)
  A freezing wraith (D:14)
  5 trolls
  A tyrant leech (D:12)
  2 hornets (Gauntlet)
  2 blink frogs (Lair:3)
  5 slime creatures
  3 snapping turtles (Shoals:3)
  A centaur simulacrum (D:11)
  A water elemental (Shoals:2)
  4 yaks
  A wyvern (Lair:3)
  2 wraiths
  2 humans (Shoals:2)
  2 nagas (Lair:3)
  4 swamp worms
  2 water moccasins (Lair:1)
  2 ogres (Orc:1)
  2 centaurs
  A bullfrog (Lair:4)
  A gnoll sergeant (D:10)
  69 fulminant prisms
  24 fungi
  180 plants
360 creatures vanquished.

Grand Total: 1058 creatures vanquished

Notes
Turn   | Place    | Note
-------+----------+-------------------------------------------
     0 | D:1      | belegose the Demigod Conjurer began the quest for the Orb.
     0 | D:1      | Reached XP level 1. HP: 14/14 MP: 5/5
   218 | D:1      | Reached XP level 2. HP: 22/22 MP: 5/7
   399 | D:1      | Reached skill level 1 in Fighting
  1244 | D:2      | Reached skill level 4 in Conjurations
  1244 | D:2      | Reached XP level 3. HP: 28/28 MP: 0/9
  1984 | D:1      | Learned a level 2 spell: Searing Ray
  2296 | D:2      | Reached XP level 4. HP: 29/36 MP: 3/10
  3641 | D:4      | Noticed a human
  3641 | D:4      | Found a runed translucent door.
  4033 | D:4      | Reached XP level 5. HP: 41/41 MP: 8/12
  4036 | D:4      | Reached skill level 1 in Armour
  4036 | D:4      | Noticed Robin
  4428 | D:4      | Killed Robin
  4591 | D:4      | Noticed a water moccasin
  5677 | D:4      | Noticed boopmooplesden's ghost (amateur MiGl)
  5844 | D:4      | Reached XP level 6. HP: 50/50 MP: 5/14
  6043 | D:4      | Found a transporter.
  6044 | D:4      | Found a transporter.
  6104 | D:5      | Entered Level 5 of the Dungeon
  6104 | D:5      | Noticed a water moccasin
  6635 | D:5      | Reached skill level 5 in Conjurations
  6873 | D:5      | Noticed a yak
  6873 | D:5      | Noticed a yak
  6873 | D:5      | Noticed a yak
  7012 | D:5      | Reached XP level 7. HP: 57/57 MP: 10/16
  7054 | D:5      | Learned a level 3 spell: Dazzling Flash
  7334 | D:5      | Found a runed translucent gate.
  7334 | D:5      | Noticed ystael's ghost (novice MiFi)
  7335 | D:5      | Found a runed translucent gate.
  7335 | D:5      | Found a runed translucent gate.
  7336 | D:5      | Noticed a yak
  7444 | D:5      | Found Wagyon's Antique Armour Shop.
  7452 | D:5      | Bought a transparent leather armour for 189 gold pieces
  7452 | D:5      | Identified the +3 leather armour of the Comet {rPois rF++
                  | Will-} (You bought it in a shop on level 5 of the Dungeon)
  7719 | D:5      | Noticed Sigmund
  7728 | D:5      | Killed Sigmund
  7729 | D:5      | Reached skill level 6 in Conjurations
  7729 | D:5      | Reached XP level 8. HP: 67/67 MP: 10/18
  7788 | D:5      | Noticed Edmund
  7834 | D:5      | Killed Edmund
  8549 | D:6      | Noticed Maggie
  8566 | D:6      | Killed Maggie
  8567 | D:6      | Reached skill level 5 in Fighting
  8567 | D:6      | Reached skill level 5 in Spellcasting
  8703 | D:6      | Found a sand-covered staircase.
  8709 | Ossuary  | Entered an ossuary
  9529 | D:6      | Noticed Menkaure
  9532 | D:6      | Killed Menkaure
  9804 | D:6      | Found a staircase to the Ecumenical Temple.
  9820 | D:6      | Learned a level 3 spell: Call Canine Familiar
  9822 | Temple   | Entered the Ecumenical Temple
  9890 | D:6      | Reached XP level 9. HP: 74/74 MP: 14/21
 10314 | D:7      | Noticed a manticore
 10328 | D:7      | Killed a manticore
 10329 | D:7      | Reached skill level 1 in Summonings
 11694 | D:7      | Upgraded the game from 0.27.1-16-g815e20cd7a to
                  | 0.27.1-33-g824d729ab1
 11985 | D:8      | Learned a level 3 spell: Summon Guardian Golem
 14141 | D:8      | Reached XP level 10. HP: 63/84 MP: 16/23
 14890 | D:9      | Noticed Gastronok
 15934 | D:9      | Killed Gastronok
 15935 | D:9      | Reached skill level 5 in Dodging
 15935 | D:9      | Reached skill level 5 in Summonings
 16339 | D:10     | Entered Level 10 of the Dungeon
 16412 | D:10     | Found Boriew's Assorted Antiques.
 16424 | D:10     | Noticed a two-headed ogre
 17961 | D:10     | Found a staircase to the Lair.
 18022 | D:10     | Killed a two-headed ogre
 18023 | D:10     | Reached XP level 11. HP: 94/94 MP: 21/26
 18308 | D:11     | Found a runed translucent gate.
 18580 | D:11     | Noticed a boulder beetle
 18628 | D:11     | Killed a boulder beetle
 18966 | D:11     | Found a staircase to the Orcish Mines.
 19472 | D:11     | Noticed a two-headed ogre
 19503 | D:11     | Killed a two-headed ogre
 19728 | D:11     | Noticed an ogre mage
 19728 | D:11     | Noticed a centaur warrior
 19728 | D:11     | Noticed an orc knight
 19810 | Orc:1    | Entered Level 1 of the Orcish Mines
 19837 | D:11     | Learned a level 4 spell: Fulminant Prism
 20151 | Orc:1    | Found Cotes's General Store.
 20160 | Orc:1    | Bought a scroll of blinking for 97 gold pieces
 20192 | D:11     | Noticed a centaur warrior
 20203 | D:11     | Noticed a deep elf pyromancer
 20259 | D:12     | Reached skill level 5 in Armour
 20309 | D:12     | Reached skill level 1 in Hexes
 20423 | D:12     | Noticed a two-headed ogre
 20433 | D:12     | Killed a two-headed ogre
 20545 | D:12     | Noticed a seven-headed hydra
 20563 | D:12     | Killed a seven-headed hydra
 21128 | Orc:2    | Entered Level 2 of the Orcish Mines
 21590 | Orc:2    | Noticed Rupert
 21592 | Orc:2    | Paralysed by Rupert for 2 turns
 21632 | Orc:2    | Paralysed by Rupert for 2 turns
 21639 | Orc:2    | Killed Rupert
 21942 | Orc:2    | Found a staircase to the Elven Halls.
 22016 | Orc:1    | Noticed Erolcha
 22030 | Orc:1    | Killed Erolcha
 22031 | Orc:1    | Reached skill level 5 in Hexes
 22679 | Orc:2    | Noticed a two-headed ogre
 22691 | Orc:1    | Reached XP level 12. HP: 57/104 MP: 24/29
 23957 | Orc:1    | Learned a level 4 spell: Iskenderun's Mystic Blast
 24342 | Orc:1    | Reached skill level 1 in Translocations
 24516 | Orc:2    | Noticed an ogre mage
 24531 | Orc:2    | Killed an ogre mage
 24885 | D:11     | Killed a centaur warrior
 25261 | D:11     | Noticed a boulder beetle
 25274 | D:11     | Killed a boulder beetle
 25363 | D:11     | Found a runed translucent gate.
 25364 | D:11     | Found a runed translucent gate.
 25365 | D:11     | Noticed bellerephron's ghost (journeyman DsBe)
 25508 | D:11     | Paralysed by an ogre mage for 2 turns
 25530 | D:11     | Killed an ogre mage
 25536 | D:11     | Noticed a five-headed hydra
 25838 | Lair:1   | Entered Level 1 of the Lair of Beasts
 25989 | Lair:1   | Found a gate leading to a gauntlet.
 26044 | Gauntlet | Entered a Gauntlet
 26044 | Gauntlet | Found a transporter.
 26044 | Gauntlet | Found a transporter.
 26045 | Gauntlet | Found a transporter.
 26046 | Gauntlet | Noticed a cacodemon
 26048 | Gauntlet | Found a transporter.
 26048 | Gauntlet | Found a transporter.
 26063 | Gauntlet | Found a transporter.
 26070 | Gauntlet | Noticed a catoblepas
 26082 | Gauntlet | Noticed a six-headed hydra
 26088 | Gauntlet | Found a transporter.
 26105 | Gauntlet | Found a transporter.
 26122 | Gauntlet | Found a transporter.
 26130 | Gauntlet | Found a transporter.
 26147 | Gauntlet | Found a transporter.
 26198 | Gauntlet | Found a transporter.
 26404 | Gauntlet | HP: 2/104 [swamp worm (18)]
 26837 | Gauntlet | Noticed a minotaur
 26856 | Gauntlet | Killed a minotaur
 26857 | Gauntlet | Reached skill level 5 in Translocations
 26939 | Gauntlet | Identified the +5 plate armour "Luel" {rElec rN+ Slay-5}
 26939 | Gauntlet | Identified the ring of Xom's Fury {Ice Str+4 SInv}
 27846 | Lair:2   | Noticed an eight-headed hydra
 27846 | Lair:2   | Noticed an eight-headed hydra
 28025 | Lair:1   | Killed an eight-headed hydra
 28026 | Lair:1   | Reached skill level 7 in Conjurations
 28361 | Lair:2   | Killed an eight-headed hydra
 28362 | Lair:2   | Reached skill level 10 in Spellcasting
 28568 | Lair:2   | Found a staircase to the Shoals.
 28581 | Lair:2   | Reached XP level 13. HP: 111/111 MP: 31/31
 29722 | Lair:3   | Found a staircase to the Snake Pit.
 31342 | Lair:3   | Reached skill level 8 in Conjurations
 31411 | Lair:3   | Reached skill level 10 in Fighting
 32023 | Lair:3   | Reached skill level 5 in Stealth
 32998 | Lair:4   | Learned a level 7 spell: Orb of Destruction
 33004 | Lair:4   | Learned a level 5 spell: Fireball
 33039 | Lair:4   | Noticed Sonja
 33046 | Lair:4   | Noticed Sonja
 33046 | Lair:4   | Sonja changed into Sonja the fire bat
 33052 | Lair:4   | Killed Sonja the fire bat
 33606 | Lair:4   | Reached skill level 1 in Fire Magic
 35830 | Orc:2    | Found Rengyser's Weapon Emporium.
 35832 | Orc:2    | Found Pattiusaemn's Antique Armour Emporium.
 35972 | Orc:2    | Found Katruev's Weapon Boutique.
 35983 | Orc:2    | Found Majuran's General Store.
 36010 | Orc:2    | Bought a bronze leather armour for 147 gold pieces
 36010 | Orc:2    | Identified the +2 leather armour "Ragh" {Dex+5} (You bought
                  | it in a shop on level 2 of the Orcish Mines)
 36025 | Orc:2    | Bought a scroll of blinking for 97 gold pieces
 36025 | Orc:2    | Bought a +1 cloak for 149 gold pieces
 36040 | Orc:2    | Bought a +4 ring of evasion for 468 gold pieces
 36539 | D:12     | Reached XP level 14. HP: 88/121 MP: 26/33
 36670 | D:12     | Found the +8 Vampire's Tooth {vamp}
 37234 | D:12     | Reached skill level 9 in Conjurations
 38596 | D:12     | Reached skill level 5 in Fire Magic
 40281 | D:13     | Identified the +1 scale mail of the Fiend {rN+}
 41265 | D:14     | Reached skill level 1 in Shields
 41528 | D:14     | Noticed Frances
 41533 | D:14     | Killed Frances
 43233 | D:14     | Found a gate to the Vaults.
 43315 | D:14     | Reached skill level 10 in Conjurations
 43679 | D:15     | Entered Level 15 of the Dungeon
 44340 | D:15     | Reached XP level 15. HP: 126/126 MP: 23/35
 44341 | D:15     | Reached skill level 11 in Conjurations
 45377 | D:15     | Found a staircase to the Depths.
 45585 | D:15     | Reached skill level 12 in Conjurations
 45970 | Shoals:1 | Entered Level 1 of the Shoals
 45970 | Shoals:1 | Noticed Donald
 45976 | Shoals:1 | Killed Donald
 46410 | Shoals:1 | Reached skill level 5 in Shields
 47016 | Shoals:2 | Noticed Kirke
 47020 | Shoals:2 | Killed Kirke
 48758 | Shoals:2 | Noticed Polyphemus
 48764 | Shoals:2 | Killed Polyphemus
 48841 | Shoals:1 | Reached skill level 13 in Conjurations
 48910 | Shoals:2 | Noticed Ilsuiw
 49428 | Shoals:1 | Killed Ilsuiw
 49944 | Shoals:2 | Got Gloorx Vloq's Catalogue of Noxious Stolen Souls
 50801 | Shoals:2 | Reached XP level 16. HP: 134/134 MP: 3/36
 52245 | Shoals:3 | Found Tekhlol's CLEARANCE SALE! EVERYTHING MUST GO!.
 52251 | Shoals:3 | Bought the ring "Etajon" {Ice rElec Int+4 SInv} for 309
                  | gold pieces
 52318 | Shoals:4 | Entered Level 4 of the Shoals
 52368 | Shoals:3 | Reached skill level 14 in Conjurations
 52688 | Shoals:3 | Reached skill level 1 in Earth Magic
 54506 | Shoals:4 | Identified the +1 robe of Dithmenos's Approval {Str+3}
 54511 | Shoals:4 | HP: 3/134 [merfolk (18)]
 55845 | Shoals:4 | Reached skill level 10 in Shields
 55851 | Shoals:4 | Learned a level 5 spell: Borgnjor's Vile Clutch
 56288 | Shoals:4 | Got a barnacled rune of Zot
 56548 | Snake:1  | Entered Level 1 of the Snake Pit
 56560 | Lair:3   | Reached skill level 1 in Necromancy
 56802 | Snake:1  | Reached skill level 5 in Earth Magic
 56827 | Snake:1  | Found a frozen archway.
 56876 | IceCv    | Entered an ice cave
 56902 | IceCv    | Slain by an entropy weaver simulacrum

Illustrated notes

Levels and vault maps discovered:
D:1:      lightli_molten_gateway, layout_basic, shapermc_ecumenical_altar_venn,
          minmay_pentomino_t2
D:2:      layout_basic, basic_altar
D:3:      layout_basic
D:4:      layout_loops_ring, fedhas_altar_2, dk_yredelemnul_ordeal,
          gammafunk_ghost_gnarly_gnolls, kennysheep_generic_room_10, uniq_robin
D:5:      layout_basic, serial_shops, nicolae_shop_overgrown_old_shop,
          gammafunk_ghost_split, sigmund_edmund_badplayer
D:6:      layout_loops_ring, minmay_temple_entry_offerings,
          nicolae_ossuary_entry_plus, minmay_misc_feat_hallway, uniq_maggie,
          uniq_menkaure
D:7:      layout_loops_ring, mainiacjoe_overflow_boulevard,
          mainiacjoe_overflow_concentric_impassable,
          hangedman_abyss_or_decor_stagger
D:8:      layout_basic, mainiacjoe_overflow_alcove_2,
          chequers_serial_rivers_micro_a, grunt_ministairs_6, lightli_minifort
D:9:      layout_cave_pools, cheibrodos_ashenzari_chains,
          kennysheep_generic_room_8, uniq_gastronok
D:10:     layout_cave_pools, david_lair_shrubbed, serial_shops, shop,
          chequers_serial_rivers_micro_d, hangedman_tell_no_tales
D:11:     layout_basic, minmay_orc_entry_temple_small, gammafunk_ghost_ooze,
          minivault_28
D:12:     layout_grid_maze, minmay_guarded_unrand_vampires_tooth
D:13:     minmay_the_grid_octo_tiled_octocenter_mashed
          [minmay_the_grid_octo_toaster, minmay_the_grid_octo_concentric,
          minmay_the_grid_octo_empty, minmay_the_grid_octo_shrine,
          minmay_the_grid_octo_prize_star,
          minmay_the_grid_square_5x5_tetrominoes,
          minmay_the_grid_square_5x5_tri_point,
          minmay_the_grid_square_5x5_sharp_hourglass,
          minmay_the_grid_square_5x5_seven], layout_basic
D:14:     cheibrodos_orc_bank, layout_irregular_city,
          grunt_vaults_entry_fortified, nicolae_qazlal_style_of_elements,
          uniq_frances
D:15:     grunt_enter_depths_snipers, layout_rooms, hangedman_ru_absence,
          grunt_dithmenos_smoke
Temple:   eino_temple_rhombus
Lair:1:   layout_loops_ring, gauntlet_entry_generic,
          lightli_volcano_entry_magma_tube
Lair:2:   layout_loops_ring, minmay_shoals_entry_lonely_mermaid,
          nicolae_lair_grove_arrangements, minivault_19
Lair:3:   layout_layer_cave, minmay_snake_entry_guardpost_small,
          lemuel_old_faithful, grunt_megastairs_4, minmay_lair_oklob_chamber
Lair:4:   layout_misc_corridors, worms_lemuel, uniq_sonja
Lair:5:   layout_cave_pods, slime_altar_1, infiniplex_staircase_pool,
          serial_bayou_shore_b, grunt_megastairs_5
Shoals:1: layout_shoals, uniq_donald
Shoals:2: layout_shoals, uniq_ilsuiw, uniq_polyphemus, uniq_kirke
Shoals:3: layout_shoals, nicolae_shoals_circle_sea_wall, nicolae_shop_clearance
Shoals:4: shoals_end_grunt_ice, layout_shoals, ldierk_geyser
Snake:1:  layout_onion_interference, portal_ice_cave_entry_ugly_swarm,
          nicolae_shop_gadgets, uniq_roxanne
Orc:1:    layout_diamond_mine, serial_shops, shop, uniq_erolcha
Orc:2:    st_orc_open, layout_caves, uniq_rupert
IceCv:    ice_cave_small_necro

Skill      XL: |  1  2  3  4  5  6  7  8  9 10 11 12 13 14 15 16 |
---------------+-------------------------------------------------+-----
Spellcasting   | 2 3 4 5 6 7 8 10 11 | 11.7
Fighting       | 1 2 3 4 5 6 8 9 10 | 10.2
Conjurations   | 4 5 6 7 8 10 13 14 | 14.0
Armour         | 1 2 3 4 5 |  5.3
Dodging        | 2 4 6 7 |  7.0
Summonings     | 3 5 6 |  6.6
Hexes          | 5 7 |  7.6
Translocations | 5 |  5.1
Stealth        | 2 6 7 |  7.0
Fire Magic     | 3 8 |  8.0
Shields        | 4 8 10 | 10.3
Earth Magic    | 5 |  5.1
Necromancy     | 2 |  2.4

Action                   |  1- 3 |  4- 6 |  7- 9 | 10-12 | 13-15 | 16-18 || total
-------------------------+-------+-------+-------+-------+-------+-------++-------
Melee: Club              |     1 |       |       |       |       |       ||     1
       Dagger            |     2 |       |       |       |       |       ||     2
       Spear             |       |    13 |    21 |    19 |       |       ||    53
       Quarterstaff      |       |       |     9 |    20 |       |       ||    29
       Short sword       |       |       |       |    72 |       |       ||    72
       War axe           |       |       |       |   175 |   285 |       ||   460
       Staff             |       |       |       |       |     3 |     2 ||     5
       Demon trident     |       |       |       |       |       |    45 ||    45
 Fire: Hunting sling     |     6 |       |       |       |       |       ||     6
Throw: Dart              |       |       |       |       |    14 |    16 ||    30
 Cast: Magic Dart        |    91 |    88 |   121 |    94 |   127 |    12 ||   533
       Searing Ray       |     3 |    28 |    70 |    39 |    46 |     1 ||   187
       Dazzling Flash    |       |       |     3 |       |       |       ||     3
       Call Canine Famil |       |       |     3 |    80 |   116 |    14 ||   213
       Summon Guardian G |       |       |       |    69 |    84 |    12 ||   165
       Fulminant Prism   |       |       |       |    30 |    39 |       ||    69
       Iskenderun's Myst |       |       |       |     1 |     1 |       ||     2
       Fireball          |       |       |       |       |   266 |   179 ||   445
       Orb of Destructio |       |       |       |       |     2 |     2 ||     4
       Borgnjor's Vile C |       |       |       |       |       |     2 ||     2
Evoke: Wand              |       |       |       |    17 |    11 |     6 ||    34
       Tin of tremorston |       |       |       |       |       |     2 ||     2
  Use: Potion            |       |       |     1 |     7 |     2 |     3 ||    13
       Scroll            |       |       |     6 |    17 |     2 |     4 ||    29
 Stab: Sleeping          |     1 |       |     2 |     1 |       |     1 ||     5
       Distracted        |       |       |       |     3 |     4 |     1 ||     8
Armor: Robe              |     2 |     3 |       |     2 |       |       ||     7
       Leather armour    |       |     9 |    56 |   156 |   225 |       ||   446
       Acid dragon scale |       |       |    10 |    16 |     3 |       ||    29
       Skin              |       |       |       |    50 |       |       ||    50
       Troll leather arm |       |       |       |    26 |    85 |    49 ||   160
Dodge: Dodged            |    14 |    33 |   102 |   390 |   586 |    85 ||  1210
Block: Other             |       |       |       |   106 |   148 |       ||   254
       Reflection        |       |       |       |     4 |    30 |    14 ||    48
       Buckler           |       |       |       |       |   135 |    86 ||   221
